 Dungeon Crawl Stone Soup version 0.25-a0-645-gb4487340cb (webtiles) character file.

Game seed: 16549555241536805270, levelgen mode: deterministic

56 Aggronaut the Ruffian (level 3, -8/31 HPs)
             Began as a Ghoul Monk on Mar 21, 2020.
             Killed by divine providence
             ... invoked by an orc priest
              (13 damage)
             ... on level 2 of the Dungeon.
             The game lasted 00:02:58 (1215 turns).

Aggronaut the Ruffian (Ghoul Monk)                  Turns: 1215, Time: 00:02:59

Health: -8/31      AC:  2    Str: 15    XL:     3   Next: 95%
Magic:  2/2        EV: 12    Int:  5    God:
Gold:   102        SH:  0    Dex: 11    Spells: 2/2 levels left

rFire    . . .     SeeInvis .     - Unarmed
rCold    + . .     Gourm    .   (no shield)
rNeg     + + +     Faith    .   a - +0 robe
rPois    ∞         Spirit   .   (no helmet)
rElec    .         Reflect  .   (no cloak)
rCorr    .         Harm     .   (no gloves)
MR       .....                  (no boots)
Stlth    ++........             (no amulet)
HPRegen  0.00/turn              (no ring)
MPRegen  0.08/turn              (no ring)

@: rotting
A: rotting body, claws 1, carnivore, cold resistance 1, negative energy
resistance 3, inhibited regeneration, torment resistance, unbreathing
a: no special abilities


You were on level 2 of the Dungeon.
You were not hungry.

You visited 1 branch of the dungeon, and saw 2 of its levels.

You collected 102 gold pieces.

Inventory:

Armour
 a - a +0 robe (worn)
Scrolls
 c - 2 scrolls of identify {unknown}
 d - 2 scrolls of blinking {unknown}
Potions
 g - a potion of curing {unknown}
Comestibles
 b - 2 rations
 f - 6 chunks of flesh


   Skills:
 - Level 3.2 Fighting
 - Level 2.6 Dodging
 - Level 2.1 Stealth
 + Level 5.2 Unarmed Combat


You had 2 spell levels left.
You didn't know any spells.
Your spell library was empty.

Dungeon Overview and Level Annotations

Branches:
Dungeon (2/15)

Altars:


Innate Abilities, Weirdness & Mutations

Your body is rotting away.
You thrive on raw meat.
You are immune to poison.
You have sharp fingernails.
You are carnivorous and can eat meat at any time.
Your flesh is cold resistant. (rC+)
You are immune to negative energy. (rN+++)
You do not regenerate when monsters are visible.
You are immune to unholy pain and torment.
You can survive without breathing.


Message History

The orc priest misses you.
You scratch the orc priest but do no damage.
You scratch the orc priest but do no damage.
The orc priest barely misses you.
You scratch the orc priest.
The orc priest is lightly wounded.
The orc priest begins to cast a cantrip, but forgets the words!
It was a potion of berserk rage.
You cannot raise a blood rage in your lifeless body.
The orc priest hits you with a +0 hand axe.
* * * LOW HITPOINT WARNING * * *
You completely miss the orc priest.
The orc priest is lightly wounded.
The orc priest hits you with a +0 hand axe.
* * * LOW HITPOINT WARNING * * *
You scratch the orc priest but do no damage.
The orc priest is lightly wounded.
The orc priest invokes the aid of Beogh against you.
Beogh smites you!
You die...

##.#########.###....#
#.# #.# #....# #.#
#.###....# #'#
#........# ...
##.......# ...
####.#### #.# #.# #@#
#o# #....oo...#
#.....###.# #.......
#........ #.........
#.........
##.....(.##


You could see 2 orc priests and an orc.

Vanquished Creatures
  3 worms (D:2)
  3 dart slugs (D:1)
  4 bats
  A giant cockroach (D:2)
  8 goblins
  5 hobgoblins
  3 kobolds
  A quokka (D:2)
  3 ball pythons
  4 frilled lizards
  4 rats
39 creatures vanquished.

Notes
Turn   | Place    | Note
-------+----------+-------------------------------------------
     0 | D:1      | Aggronaut the Ghoul Monk began the quest for the Orb.
     0 | D:1      | Reached XP level 1. HP: 19/19 MP: 0/0
   143 | D:1      | Reached XP level 2. HP: 26/26 MP: 1/1
   147 | D:1      | Reached skill level 4 in Unarmed Combat
   540 | D:1      | Reached XP level 3. HP: 30/31 MP: 2/2
   928 | D:2      | Reached skill level 5 in Unarmed Combat
  1215 | D:2      | Killed from afar by an orc priest

Levels and vault maps discovered:
D:1:      minmay_arrival_radiant_lines, layout_loops_ring
D:2:      layout_loops_corners, minmay_pentomino_r4

Skill      XL: |  1  2  3 |
---------------+----------+-----
Unarmed Combat | 4 5 |  5.2
Fighting       | |  3.2
Dodging        | |  2.6
Stealth        | |  2.1

Action                   || total
-------------------------++-------
Melee: Unarmed           ||   103
       Punch             ||     1
  Use: Potion            ||     1
 Stab: Sleeping          ||     5
  Eat: Chunk             ||    18
Armor: Robe              ||     9
Dodge: Dodged            ||    39

Table legend:
 A = Non-vault XP
 B = Vault XP
 C = Vault XP percentage of total XP
 D = Non-vault monster count
 E = Vault monster count
 F = Vault count percentage of total count
                 A         B        C        D         E       F
            +---------+---------+-------+---------+---------+-------
      Total |      76 |       4 |   5.0 |      37 |       2 |   5.1
            +---------+---------+-------+---------+---------+-------
        D:1 |      36 |       0 |   0.0 |      19 |       0 |   0.0
        D:2 |      40 |       4 |   9.1 |      18 |       2 |  10.0
            +---------+---------+-------+---------+---------+-------
